 Dungeon Crawl Stone Soup version 0.32-a0-814-g0968bab981 (webtiles) character file.

Game seed: 6791845276338988674

1771256 Xpym the Acrobat (level 25, 199/199 HPs)
             Began as a Felid Berserker on Mar 18, 2024.
             Was the Champion of Trog.
             Escaped with the Orb
             ... and 3 runes on Mar 22, 2024!
             The game lasted 04:49:07 (59737 turns).

Xpym the Acrobat (Felid Berserker)                 Turns: 59737, Time: 04:49:07

Health: 199/199    AC: 12    Str: 21    XL:     25   Next: 60%
Magic:  33/33      EV: 66    Int:  9    God:    Trog [******]
Gold:   3280       SH:  0    Dex: 26    Spells: 24/24 levels left
                                        Lives:  2   Deaths: 3

rFire   + +          .
                       - Unarmed
rCold   + . .        (shield unavailable)
rNeg    . . .        (body armour unavailable)
rPois   ∞            (helmet unavailable)
rElec   +            (cloak unavailable)
rCorr   +            (gloves unavailable)
SInv    +            (boots unavailable)
Will    +++++        m - amulet "Qoleweex" {Regen+ MP+9 Int-4 Dex+4} Stlth
                     Z - ring "Soesubyint" {rC+ rCorr Slay+6}
HPRegen 1.33/turn    l - ring "Myonno" {^Drain rF++ Will++ rCorr Dex+6, =R}
MPRegen 0.23/turn

%: no passive effects
@: berserking, storm-form, flying, very quick
A: cleaving, insubstantial, flying, very small, (claws 1), (fangs 3), see
invisible, (shaggy fur 3), (stealthy paws), no weapons or thrown items, no
armour, multi-lived, (large bone plates 1), dopey 1, frail 1
0: Orb of Zot
}: 3/15 runes: decaying, silver, gossamer
a: Blinkbolt, Begin Untransformation, Renounce Religion, Berserk, Trog's Hand,
Brothers in Arms


You escaped.
You worshipped Trog.
Trog was exalted by your worship.
You were a lightning-filled tempest!
You visited 9 branches of the dungeon, and saw 47 of its levels.
You also visited: Sewer, Ossuary, Ice Cave and Desolation.

You collected 6949 gold pieces.
You spent 3669 gold pieces at shops.


Innate Abilities, Weirdness & Mutations

You are a lightning-filled tempest!
Your electrical attacks strike out in all directions at once.
You are incredibly evasive.
Your insubstantial body is immune to petrification, constriction, and being set on fire You are flying.
You are immune to poison.
((You have sharp claws.))
((You have razor-sharp teeth.))
You have supernaturally acute eyesight. (SInv)
((Your thick and shaggy fur keeps you warm. (AC +3, rC+)))
((Your paws help you pounce on unaware monsters.))
You are incapable of wielding weapons or throwing items.
You cannot wear armour.
You gain extra lives every three experience levels.
((You are partially covered in large bone plates. (SH +4)))
You are dopey. (Int -2)
You are frail. (-10% HP)


   Skills:
 + Level 20.3 Fighting
 + Level 24.7 Dodging
 - Level 15.0 Stealth
 + Level 23.9 Unarmed Combat
 - Level 0.3 Spellcasting
 + Level 18.4 Evocations
 - Level 23.0 Shapeshifting


You had 24 spell levels left.
You didn't know any spells.
Your spell library was empty.

Inventory:

Jewellery
 a - the ring "Moesown" {Will+ Str+6 Int+2}
   (You found it in the Desolation of Salt)

   [ring of strength]

   Str+6:     It affects your strength (+6).
   Int+2:     It affects your intelligence (+2).
   Will+:     It increases your willpower.
 c - the ring of Reimbursement {rPois rF+ Int+4 Dex+4 SInv}
   (You took it off a tengu reaver on level 5 of the Vaults)

   [ring of poison resistance]

   Int+4:     It affects your intelligence (+4).
   Dex+4:     It affects your dexterity (+4).
   rF+:       It protects you from fire.
   rPois:     It protects you from poison.
   SInv:      It lets you see invisible.
 k - the ring "Oluadot" {+Blink rC+ rN+ Int+3 Dex-4}
   (You acquired it on level 1 of the Spider Nest)

   [ring of positive energy]

   Int+3:     It affects your intelligence (+3).
   Dex-4:     It affects your dexterity (-4).
   rC+:       It protects you from cold.
   rN+:       It protects you from negative energy.
   +Blink:    It lets you blink.
 l - the ring "Myonno" (right paw) {^Drain rF++ Will++ rCorr Dex+6, =R}
   (You found it on level 8 of the Dungeon)

   [ring of dexterity]

   Dex+6:     It affects your dexterity (+6).
   rF++:      It greatly protects you from fire.
   Will++:    It greatly increases your willpower.
   rCorr:     It protects you from acid and corrosion.
   ^Drain:    It drains your maximum health when unequipped.
 m - the amulet "Qoleweex" (around neck) {Regen+ MP+9 Int-4 Dex+4}
   (You found it on level 15 of the Dungeon)

   [amulet of regeneration]

   Int-4:     It affects your intelligence (-4).
   Dex+4:     It affects your dexterity (+4).
   MP+9:      It affects your magic capacity (+9).
   Regen+:    It increases your rate of health regeneration.
 D - the ring "Fuock" {Fly rPois rN+}
   (You took it off a deep elf sorcerer on level 3 of the Elven Halls)

   [ring of flight]

   rPois:     It protects you from poison.
   rN+:       It protects you from negative energy.
   Fly:       It grants you flight.
 O - the ring "Paret" {rElec rC+ Dex+3}
   (You took it off a deep elf demonologist on level 3 of the Elven Halls)

   [ring of protection from cold]

   Dex+3:     It affects your dexterity (+3).
   rC+:       It protects you from cold.
   rElec:     It insulates you from electricity.
 T - the ring of Generosity {Fly Will+ Str+4 Stlth-}
   (You found it on level 3 of the Elven Halls)

   [ring of flight]

   Str+4:     It affects your strength (+4).
   Will+:     It increases your willpower.
   Fly:       It grants you flight.
   Stlth-:    It makes you less stealthy.
 X - the ring "Widaad" {EV+5 Str+3 SInv}
   (You found it in the Desolation of Salt)

   [ring of evasion]

   EV+5:      It affects your evasion (+5).
   Str+3:     It affects your strength (+3).
   SInv:      It lets you see invisible.
 Z - the ring "Soesubyint" (left paw) {rC+ rCorr Slay+6}
   (You took it off an ironbound convoker in the Desolation of Salt)

   [ring of resist corrosion]

   Slay+6:    It affects your accuracy & damage with ranged weapons and melee
   (+6).
   rC+:       It protects you from cold.
   rCorr:     It protects you from acid and corrosion.
Talismans
 M - the granite talisman of Oraib {Str+3 Dex+3}
   (You found it in an ice cave)

   [granite talisman]

   Str+3:     It affects your strength (+3).
   Dex+3:     It affects your dexterity (+3).
 R - a dragon-blood talisman
 U - a talisman of death
 W - a storm talisman (active)
Wands
 t - a wand of paralysis (54)
 w - a wand of mindburst (57)
 y - a wand of iceblast (12)
 F - a wand of polymorph (22)
 K - a wand of acid (42)
 S - a wand of digging (12)
Scrolls
 d - 19 scrolls of teleportation {@r2}
 f - 3 scrolls of fear (quivered)
 h - 11 scrolls of fog
 i - 2 scrolls of silence {!r}
 o - 8 scrolls of immolation
 r - a scroll of torment
 A - 8 scrolls of noise
 B - 6 scrolls of poison
 H - 3 scrolls of summoning
 I - 2 scrolls of blinking
 V - 3 scrolls of vulnerability
Potions
 b - 3 potions of haste {@q3}
 e - 18 potions of curing {@q1}
 j - 8 potions of mutation
 n - 6 potions of magic
 p - 6 potions of heal wounds {@q2}
 q - 7 potions of might
 s - 9 potions of ambrosia
 v - 2 potions of invisibility
 x - 7 potions of brilliance
 z - 6 potions of enlightenment
 E - 5 potions of resistance
 G - 7 potions of berserk rage {!q}
 J - 11 potions of attraction
 L - 5 potions of cancellation
 N - 4 potions of lignification
Miscellaneous
 u - a condenser vane
 C - a phantom mirror
 P - a box of beasts
 Q - a lightning rod (4/4)
 Y - a phial of floods

Dungeon Overview and Level Annotations

Branches:
Dungeon (15/15)            Temple (0/1) D:4            Lair (5/5) D:11
  Swamp (4/4) Lair:3       Spider (4/4) Lair:3        Slime (0/5) Lair:5
    Orc (2/2) D:10            Elf (3/3) Orc:2        Vaults (5/5) D:13
  Crypt (0/3) Vaults:3     Depths (4/4) D:15            Zot (5/5) Depths:4
  Sewer (visited)         Ossuary (visited)           IceCv (visited)
Desolation (visited)

Altars:
Ashenzari
Cheibriados
Dithmenos
Elyvilon
Gozag
Hepliaklqana
Kikubaaqudgha
Makhleb
Nemelex Xobeh
Okawaru
Sif Muna
Trog
Wu Jian
Zin
The Shining One

Shops:
D:2 (   Orc:2 !***   Vaults:3 (   Depths:4 :

Portals:
Hell: Lair:5 Depths:1 Depths:2 Depths:3 Depths:4
Abyss: Depths:2 Depths:3
Pandemonium: Depths:1 Depths:2
Ziggurat: Depths:1

Annotations:
D:10 2hogr
Orc:1 2 transporters, Moethr Peana's ghost, journeyman MiFi
Elf:2 3 runed translucent doors
Depths:1 2 transporters, Xiaz's ghost, veteran KoBr

..###........##........#.#.# #.#
...##........##..........#.# #.#
....#........###.......###.# #.#
###.#........# ####.#.####.####.#
#..........# ####.#...........#
##.........###....######.####.#
#####(........##)##.....##.# #.#
#.............##.######.##.# #.#
#.......###...##v# #.##.# #.#
#.............##># ####'##.####.#
#........##...##(###......÷.....#
######..........................#
#######.......#.................#
...^..........).................#
............##......#'#########.#
............##......#.# #.#
#####...............#.###### #.#


There were no monsters in sight!


Message History

You see here a quokka skeleton.
A hell beast comes into view.
Okay, then.
Unknown command.
The hell beast moves out of view.
The hell beast completely misses you. The hell beast closely misses you.
The hell beast completely misses you. x2
You blast the hell beast!!!
The hell beast is almost dead.
You blast the hell beast!!!
You kill the hell beast!
Trog accepts your kill.
No target in view!
There is a stone staircase leading up here.
You fly upwards.
There is a stone staircase leading down here.
There is a stone staircase leading up here.
You fly upwards.
There is a stone staircase leading down here.
You see here a +0 leather armour.
Things that are here:
a +0 whip; a kobold skeleton
There is a staircase leading out of the dungeon here.
Unknown command.
Use which ability? (? or * to list)
A red film seems to cover your vision as you go berserk!
You feel yourself moving faster!
You feel mighty!
You now have 199/199 hp.
You feel a strong urge to attack something.
You have escaped!

Skill      XL: |  1  2  3  4  5  6  7  8  9 10 11 12 13 14 15 16 17 18 19 20 21 22 23 24 25 |
---------------+----------------------------------------------------------------------------+-----
Unarmed Combat | 4 5 6 8 9 10 12 13 15 18 20 21 22 23 | 23.9
Stealth        | 1 2 3 4 6 8 9 12 15 | 15.0
Fighting       | 4 5 6 8 9 10 12 14 15 16 17 18 19 20 | 20.3
Dodging        | 5 6 8 9 12 16 17 18 19 21 22 23 24 | 24.7
Evocations     | 1 3 5 7 8 10 13 17 18 | 18.4
Shapeshifting  | 4 8 10 12 15 16 18 20 22 23 | 23.0
Spellcasting   | |  0.3

Action                     |  1- 3 |  4- 6 |  7- 9 | 10-12 | 13-15 | 16-18 | 19-21 | 22-24 | 25-27 || total
---------------------------+-------+-------+-------+-------+-------+-------+-------+-------+-------++-------
  Melee: Unarmed           |    87 |   121 |   292 |   503 |  1027 |   849 |  1208 |  1042 |   157 ||  5286
         Bite              |     5 |    20 |    32 |    81 |   172 |    75 |   119 |       |       ||   504
         Punch             |     2 |     6 |     9 |    40 |   109 |    74 |   145 |   196 |    35 ||   616
         Maw               |       |       |       |    55 |   378 |       |       |       |       ||   433
         Constrict         |       |       |       |       |       |    13 |    51 |       |       ||    64
 Invoke: Berserk           |     4 |     1 |     9 |    11 |    26 |    12 |    12 |    16 |     2 ||    93
         Trog's Hand       |       |       |       |     1 |     2 |       |     5 |     2 |     1 ||    11
         Brothers in Arms  |       |       |       |       |       |     2 |     1 |       |     4 ||     7
  Evoke: Wand              |       |       |     4 |     6 |     4 |     1 |    13 |       |     1 ||    29
         Box of beasts     |       |       |       |       |       |       |     1 |       |       ||     1
    Use: Scroll            |       |     1 |    16 |     7 |     7 |     3 |    10 |     6 |     1 ||    51
         Potion            |       |     1 |     5 |       |     2 |     3 |     3 |     3 |    10 ||    27
   Stab: Sleeping          |     1 |     2 |     9 |    31 |    24 |    33 |    37 |    24 |       ||   161
         Distracted        |       |       |     3 |     2 |    17 |    10 |    11 |    10 |     1 ||    54
 Armour: Skin              |    24 |    28 |    78 |    82 |   269 |   333 |   441 |   206 |    23 ||  1484
  Dodge: Dodged            |    49 |    73 |   220 |   418 |  1176 |  1284 |  1682 |  1025 |   151 ||  6078
  Block: Other             |       |       |    14 |       |    41 |    45 |       |       |       ||   100
         Reflection        |       |       |       |       |    24 |     7 |       |       |       ||    31
   Form: Blade             |       |       |       |     1 |       |       |       |       |       ||     1
         Maw               |       |       |       |     1 |       |       |       |       |       ||     1
         Statue            |       |       |       |       |     1 |     2 |     3 |       |       ||     6
                           |       |       |       |       |       |     1 |       |       |       ||     1
         Serpent           |       |       |       |       |       |     2 |     2 |       |       ||     4
         Storm             |       |       |       |       |       |       |     1 |       |       ||     1

Levels and vault maps discovered:
D:1:      dpeg_arrival_tiny_j, layout_basic
D:2:      layout_loops_cross, serial_shops, shop,
          amcnicky_mini_rare_corridor_liquid
D:3:      layout_loops_cross, kiku_gazebo_garden_becter,
          nemelex_diamond_rough_becter, bloody_makhleb, minmay_distorted
D:4:      layout_layer_cave, trog_ov_bears_minmay,
          mainiacjoe_overflow_boulevard, nicolae_gozag_seed_capital,
          minmay_temple_entry_ruins, enter_ossuary_2, uniq_ijyb
D:5:      layout_layer_cave, mainiacjoe_sewer_entry_somewhere_in_here_1
D:6:      layout_loops_ring, grunt_dithmenos_smoke, grunt_ministairs_1,
          uniq_menkaure, uniq_grinder, uniq_blork_the_orc
D:7:      layout_rooms, ashenzari_altar_1, minmay_fractal_squares_5, uniq_pikel
D:8:      minmay_statue_hallways, layout_basic
D:9:      layout_irregular_city, mainiacjoe_overflow_catwalk,
          nzn_hepliaklqana_mist_gate, uniq_jeremiah
D:10:     layout_irregular_city, slow_altar_1,
          kennysheep_orc_monster_closet_entryway, serial_glass, glass_columns_c,
          glass_columns_a, glass_columns_a, glass_columns_b, glass_columns_b,
          glass_columns_a
D:11:     layout_loops_corners, grunt_lair_entry_orc_guard_hut, zin_academy
D:12:     layout_roguey, portal_ice_cave_entry_pillars_1,
          minmay_beelzebubs_servants, uniq_sonja
D:13:     nicolae_hexawheel, layout_irregular_city, ximxim_vaults_locker_room,
          uniq_rupert
D:14:     layout_rooms, serial_undead, serial_undead_f, serial_undead_e,
          serial_undead_f, serial_undead_b, serial_undead_b, serial_undead_b,
          serial_undead_d, serial_undead_a, nicolae_wu_jian_wuxing_cycle
D:15:     regret_index_pyroclastic, layout_long_grid,
          gammafunk_ghost_necromancy, okawaru_ov_weapons_minmay, uniq_jorgrun,
          uniq_agnes, uniq_azrael
Lair:1:   layout_chaotic_city, gammafunk_ghost_arena, minivault_19,
          infiniplex_staircase_pool_2
Lair:2:   layout_cave_shapes
Lair:3:   layout_small_grid, swamp_mist, spider_nest_entry_rubble,
          serial_bayou_pond_c, serial_bayou_shore_a, grunt_megastairs_4,
          serial_bayou_shore_b, serial_bayou_shore_b, serial_bayou_shore_b
Lair:4:   layout_cave_pods, basic_altar
Lair:5:   evil_forest, layout_gridlike, slime_entry_1, nzn_sisyphean_effort,
          lemuel_fruit_fields
Swamp:1:  layout_basic_swamp, evilmike_swamp_ruin_house_4, swamp_pool_1_2,
          st_swamp_ruins_1
Swamp:2:  nzn_winding_woodlands_three_and_one [nzn_winding_woodlands_5x15_twine,
          nzn_winding_woodlands_5x15_sawtooth,
          nzn_winding_woodlands_5x15_jagged,
          nzn_winding_woodlands_center_lodge], layout_basic_swamp,
          hellmonk_ghost_happy_afterlife, evilmike_swamp_ruin_house_3,
          swamp_pool_1_2
Swamp:3:  layout_basic_swamp, evilmike_swamp_ruin_house_1, uniq_mara
Swamp:4:  swamp_icy, layout_basic_swamp
Spider:1: layout_chambers, guppyfry_spider_mini_3, uniq_frances
Spider:2: layout_cave_pods, uniq_arachne
Spider:3: layout_spider_delve
Spider:4: hellmonk_spider_rune_endless_swarm
Orc:1:    layout_caves, gammafunk_ghost_stat_death, uniq_nergalle
Orc:2:    st_orc_rangers, layout_diamond_mine, uniq_erolcha
Elf:1:    elf_arrival_002, layout_loops_cross, serial_glass, glass_columns_a,
          glass_columns_c, item_on_display_a, minmay_strange_pillars,
          unseen_surprise_small, nicolae_elf_shapeshifter_party
Elf:2:    nicolae_elf_blades_splatter_lattice [nicolae_blade_little_rooms],
          layout_geoelf_diagonals, serial_corexii_hall, corexii_hall_statues_l,
          corexii_hall_statues_i, corexii_hall_statues_i
Elf:3:    elf_hall_gauntlet_wide, layout_onion_city, minivault_28, uniq_nikola
Vaults:1: portal_desolation_entry_ruin, lightli_orcish_oven, v_misc_2,
          nicolae_vaults_tetromino_L_1, hangedman_vaults_trim,
          serial_library_hellmonk_narrow_alcove, v_misc_12,
          nicolae_vaults_tetromino_T_1, nicolae_vaults_tetromino_Z_1,
          v_alt_pattern_1, nicolae_vaults_apartment_1, v_misc_10,
          nicolae_vaults_little_squares_3, layout_vaults_big_room, uniq_norris
Vaults:2: v_misc_33, nicolae_vaults_spaceships, ontoclasm_vaults_ring_small,
          nicolae_vaults_theta, vaults_room_corners,
          nicolae_vaults_little_squares_6, nicolae_vaults_variable_pillar_hall,
          nicolae_vaults_frosty_reception, hangedman_vaults_slice,
          grunt_vaults_funnel, layout_vaults_omnigrid
Vaults:3: nicolae_vaults_prndl, hangedman_vaults_stagger,
          nicolae_vaults_storage_closets_1, nicolae_vaults_network_quinsquares
          [nicolae_vaults_network_quincunx_subvault,
          nicolae_vaults_network_quincunx_subvault,
          nicolae_vaults_network_quincunx_subvault,
          nicolae_vaults_network_quincunx_subvault],
          ontoclasm_vaults_misaligned, nicolae_vaults_double_plus_3,
          minmay_crypt_entry_vampire_xt, vaults_room_grunt_arrival_ludios,
          vaults_mumra_lcd, ontoclasm_vaults_ligature, v_misc_11, v_pattern_3,
          nicolae_vaults_specimen_jars, ontoclasm_vaults_gateway,
          nicolae_vaults_security_offices_1, layout_vaults_maze, serial_shops,
          nicolae_shop_statue_plus, uniq_donald
Vaults:4: abrahamwl_protected_by_tso_2, hangedman_vaults_slither,
          nicolae_vaults_stairing_the_circle, nicolae_vaults_tetromino_L_2,
          nicolae_vaults_shelves_hall, nicolae_vaults_mitosis,
          nicolae_vaults_trapezoid_lopsided_1, v_misc_30,
          nicolae_vaults_tetromino_Z_1, vaults_room_pool,
          vaults_dpeg_encased_lava, layout_vaults_omnicross, serial_shops
Vaults:5: uniq_bai_suzhen
Depths:1: layout_small_grid, enter_ziggurat_b,
          nicolae_hell_entry_hellmouth_sunbeams, grunt_decor_one_mirror,
          gammafunk_ghost_wrathful_warriors, rand_demon_pan_entry_3,
          kilobyte_mutagenic_chamber
Depths:2: minmay_the_grid_octo_tiled_squarecenter_mashed
          [minmay_the_grid_octo_empty, minmay_the_grid_octo_empty,
          minmay_the_grid_octo_pinwheel, minmay_the_grid_octo_focus,
          minmay_the_grid_square_5x5_megaprize_diamond,
          minmay_the_grid_square_5x5_inset, minmay_the_grid_square_5x5_three,
          minmay_the_grid_square_5x5_tetrominoes,
          minmay_the_grid_square_5x5_minibox], layout_basic,
          grunt_pan_entry_spiral, abyss_entry_small_statue_room, hell_entry,
          amcnicky_mini_pool_small, amcnicky_mini_corridor_feature,
          uniq_enchantress
Depths:3: hangedman_cross_veins, layout_basic,
          nicolae_abyss_entry_one_way_or_another, hell_entry,
          patterned_corridor, infiniplex_staircase_diamond, uniq_xtahua
Depths:4: evilmike_zot_entry_round, layout_twisted_cross,
          grunt_hell_entry_dis_mu, nicolae_sextant, nicolae_shop_vocational
Zot:1:    layout_twisted_circle
Zot:2:    layout_twisted_circle, st_stairs_5, uniq_vv
Zot:3:    lemuel_firehouse, layout_concentric_octagons,
          regret_index_zotdec_carving_tricks
Zot:4:    layout_twisted_circle
Zot:5:    layout_basic

Notes
Turn   | Place    | Note
-------+----------+-------------------------------------------
     0 | D:1      | Xpym the Felid Berserker began the quest for the Orb.
     0 | D:1      | Reached XP level 1. HP: 12/12 MP: 2/2
    77 | D:1      | Reached XP level 2. HP: 16/16 MP: 3/3
   128 | D:1      | Slain by a goblin
   128 | D:1      | Lost a life (0 lives remaining)
   171 | D:1      | Reached skill level 4 in Unarmed Combat
   391 | D:1      | Reached XP level 3. HP: 20/20 MP: 4/4
   969 | D:2      | Reached ** piety under Trog
  1282 | D:2      | Found Ufinnicse's Weapon Shoppe.
  1515 | D:2      | Reached skill level 1 in Stealth
  1665 | D:3      | Reached XP level 4. HP: 24/24 MP: 5/5
  1665 | D:3      | Gained a life (1 life remaining)
  1887 | D:3      | Found an ancient bone altar of Kikubaaqudgha.
  1974 | D:3      | Found a burning altar of Makhleb.
  2014 | D:3      | Reached skill level 2 in Stealth
  2057 | D:3      | Found a sparkling altar of Nemelex Xobeh.
  2064 | D:3      | Identified the +5 hand axe of Sunlight {vamp, rElec rN+++
                  | rCorr Str-5}
  2312 | D:4      | Found an opulent altar of Gozag.
  2358 | D:4      | Noticed Ijyb
  2452 | D:4      | Found a sand-covered staircase.
  2457 | Ossuary  | Entered an ossuary
  2469 | Ossuary  | Noticed a scorpion
  2481 | Ossuary  | Reached skill level 5 in Unarmed Combat
  2481 | Ossuary  | Reached XP level 5. HP: 28/29 MP: 6/6
  2513 | Ossuary  | Reached skill level 4 in Fighting
  2513 | Ossuary  | Reached skill level 3 in Stealth
  2702 | Ossuary  | Gained mutation: You are covered in thick fur. (AC +2)
                  | [Felid growth]
  2702 | Ossuary  | Reached XP level 6. HP: 34/34 MP: 7/7
  2717 | Ossuary  | Reached skill level 5 in Fighting
  2717 | Ossuary  | Reached skill level 5 in Dodging
  3052 | Ossuary  | Reached XP level 7. HP: 32/39 MP: 8/8
  3052 | Ossuary  | Gained a life (2 lives remaining)
  3201 | Ossuary  | Reached skill level 6 in Dodging
  3476 | Ossuary  | Reached *** piety under Trog
  3731 | D:4      | Found a bloodstained altar of Trog.
  3895 | D:4      | Found a white marble altar of Elyvilon.
  3951 | D:4      | Reached skill level 6 in Fighting
  3951 | D:4      | Reached skill level 6 in Unarmed Combat
  4041 | D:4      | Reached skill level 1 in Evocations
  4256 | D:4      | Found a staircase to the Ecumenical Temple.
  4710 | D:4      | Reached skill level 4 in Stealth
  4710 | D:4      | Reached XP level 8. HP: 44/44 MP: 9/9
  5060 | D:4      | Killed Ijyb
  5061 | D:4      | Reached skill level 7 in Dodging
  5174 | D:5      | Entered Level 5 of the Dungeon
  5339 | D:5      | Reached skill level 2 in Evocations
  5381 | D:5      | Identified the +1 robe "Yshrujuesch" {-Tele Rampage Int+5}
  5497 | D:5      | Found a glowing drain.
  5506 | Sewer    | Entered a sewer
  5547 | Sewer    | Reached skill level 5 in Stealth
  5861 | Sewer    | Reached **** piety under Trog
  6784 | D:6      | Found a shadowy altar of Dithmenos.
  6784 | D:6      | Noticed Blork the orc
  6882 | D:6      | Reached skill level 3 in Evocations
  6923 | D:6      | Noticed Menkaure
  7007 | D:6      | Found the +5 woodcutter's axe
  7054 | D:6      | Noticed Grinder
  7499 | D:7      | Identified a potion of resistance
  7535 | D:7      | Found a broken altar of Ashenzari.
  7556 | D:7      | Reached skill level 8 in Dodging
  7556 | D:7      | Reached skill level 6 in Stealth
  7556 | D:7      | Reached XP level 9. HP: 49/49 MP: 10/10
  7563 | D:7      | Reached skill level 7 in Unarmed Combat
  7582 | D:7      | Reached skill level 7 in Fighting
  7744 | D:7      | Reached skill level 4 in Evocations
  7916 | D:7      | Noticed Pikel
  7958 | D:6      | Killed Menkaure
  8000 | D:6      | Reached skill level 7 in Stealth
  8429 | D:8      | Reached skill level 9 in Dodging
  8610 | D:8      | Reached skill level 5 in Evocations
  8648 | D:8      | Noticed an orange crystal statue
  8667 | D:8      | Slain by a yak
  8667 | D:8      | Lost a life (1 life remaining)
  8668 | D:8      | Upgraded the game from 0.32-a0-765-gfba4d74c8c to
                  | 0.32-a0-798-gfa783ce77f
  9135 | D:8      | Reached skill level 8 in Stealth
  9157 | D:8      | Reached skill level 8 in Unarmed Combat
  9178 | D:8      | Reached skill level 8 in Fighting
  9422 | D:9      | Found an iron altar of Okawaru.
  9517 | D:8      | Reached XP level 10. HP: 55/56 MP: 11/11
  9517 | D:8      | Gained a life (2 lives remaining)
  9597 | D:9      | Found a hazy altar of Hepliaklqana.
  9657 | D:9      | Noticed Jeremiah
  9878 | D:8      | Reached skill level 1 in Shapeshifting
  9947 | D:8      | Reached skill level 9 in Stealth
 10404 | D:9      | Reached skill level 2 in Shapeshifting
 10679 | D:10     | Entered Level 10 of the Dungeon
 10733 | D:10     | Noticed a two-headed ogre
 10924 | D:10     | Found a snail-covered altar of Cheibriados.
 11271 | D:10     | Noticed a two-headed ogre
 11859 | D:11     | Reached skill level 9 in Fighting
 11859 | D:11     | Reached skill level 9 in Unarmed Combat
 11859 | D:11     | Reached skill level 3 in Shapeshifting
 11917 | D:11     | Reached skill level 10 in Dodging
 12105 | D:11     | Noticed a two-headed ogre
 12107 | D:11     | Killed a two-headed ogre
 12108 | D:11     | Reached skill level 11 in Dodging
 12108 | D:11     | Reached skill level 4 in Shapeshifting
 12188 | D:11     | Found a glowing silver altar of Zin.
 12247 | D:11     | Noticed an elephant
 12260 | D:11     | Killed an elephant
 12261 | D:11     | Reached skill level 12 in Dodging
 12261 | D:11     | Reached XP level 11. HP: 62/62 MP: 12/12
 12711 | D:11     | Found a staircase to the Lair.
 13059 | D:6      | Killed Blork the orc
 13060 | D:6      | Killed Grinder
 13126 | D:6      | Reached skill level 5 in Shapeshifting
 13282 | D:7      | Killed Pikel
 13283 | D:7      | Reached skill level 13 in Dodging
 13417 | D:8      | Identified the ring "Myonno" {^Drain rF++ Will++ rCorr
                  | Dex+6}
 13427 | D:8      | Killed an orange crystal statue
 13525 | D:9      | Killed Jeremiah
 13632 | Lair:1   | Entered Level 1 of the Lair of Beasts
 13634 | Lair:1   | Reached skill level 6 in Shapeshifting
 13639 | Lair:1   | Noticed a lindwurm
 13692 | Lair:1   | Noticed anet's ghost (journeyman DjHW)
 13694 | Lair:1   | Reached skill level 14 in Dodging
 13695 | Lair:1   | Found a transporter.
 13821 | Lair:1   | Reached skill level 7 in Shapeshifting
 13909 | Lair:1   | Reached skill level 15 in Dodging
 14146 | Lair:1   | Found a transporter.
 14327 | Lair:1   | Reached skill level 8 in Shapeshifting
 14749 | Lair:2   | Reached skill level 16 in Dodging
 14749 | Lair:2   | Gained mutation: Your thick and shaggy fur keeps you warm.
                  | (AC +3, rC+) [Felid growth]
 14749 | Lair:2   | Reached XP level 12. HP: 66/66 MP: 13/13
 15147 | Lair:3   | Reached skill level 9 in Shapeshifting
 15183 | Lair:3   | Reached skill level 17 in Dodging
 15391 | Lair:3   | Found a hole to the Spider Nest.
 15827 | Lair:3   | Found a staircase to the Swamp.
 16033 | Lair:4   | Found a glowing golden altar of the Shining One.
 16458 | Lair:4   | Reached skill level 10 in Shapeshifting
 17164 | Lair:5   | Entered Level 5 of the Lair of Beasts
 17164 | Lair:5   | Found a staircase to the Slime Pits.
 17481 | Lair:5   | Noticed a boulder beetle
 17549 | Lair:5   | Killed a boulder beetle
 17550 | Lair:5   | Reached skill level 10 in Fighting
 17550 | Lair:5   | Reached skill level 10 in Unarmed Combat
 17557 | Lair:5   | Noticed a four-headed hydra
 17596 | Lair:5   | Noticed an eight-headed hydra
 17701 | Lair:5   | Noticed a boulder beetle
 17734 | Lair:5   | Reached XP level 13. HP: 72/72 MP: 14/14
 17736 | Lair:5   | Found a burning altar of Makhleb.
 18315 | Lair:5   | Reached skill level 11 in Unarmed Combat
 18321 | Lair:5   | Reached skill level 11 in Fighting
 18853 | D:12     | Found a frozen archway.
 18874 | IceCv    | Entered an ice cave
 18949 | IceCv    | Reached ***** piety under Trog
 18981 | IceCv    | Identified the granite talisman of Oraib {Str+3 Dex+3}
 19737 | D:12     | Noticed Sonja
 19751 | D:12     | Killed Sonja
 19752 | D:12     | Reached skill level 6 in Evocations
 19858 | D:12     | Reached skill level 12 in Unarmed Combat
 19861 | D:12     | Reached skill level 12 in Fighting
 20278 | D:10     | Reached skill level 7 in Evocations
 20289 | D:10     | Found a staircase to the Orcish Mines.
 20508 | D:10     | Found a snail-covered altar of Cheibriados.
 20668 | D:10     | Found a staircase to the Orcish Mines.
 20928 | D:10     | Reached XP level 14. HP: 70/81 MP: 15/15
 21088 | Orc:1    | Entered Level 1 of the Orcish Mines
 21283 | Orc:1    | Noticed Nergalle
 21294 | Orc:1    | Killed Nergalle
 21488 | Orc:1    | Found a transporter.
 21506 | Orc:1    | Found a transporter.
 21588 | Orc:1    | Noticed Moethr Peana's ghost (journeyman MiFi)
 21736 | Orc:2    | Entered Level 2 of the Orcish Mines
 21736 | Orc:2    | Found a staircase to the Elven Halls.
 22052 | Orc:2    | Reached ****** piety under Trog
 22237 | Orc:2    | Reached skill level 8 in Evocations
 22658 | Orc:2    | Reached skill level 13 in Unarmed Combat
 22757 | Orc:2    | Noticed Erolcha
 22783 | Orc:2    | Killed Erolcha
 23075 | Orc:2    | Found Oddekko's General Store.
 23075 | Orc:2    | Found Nyukhi Zuoqu's General Store.
 23077 | Orc:2    | Found Sej Awuf's Assorted Antiques.
 23079 | Orc:2    | Found Pumiss's Distillery.
 23097 | Orc:2    | Bought a potion of resistance for 140 gold pieces
 23097 | Orc:2    | Bought 2 potions of might for 112 gold pieces
 23097 | Orc:2    | Bought 2 potions of haste for 280 gold pieces
 23097 | Orc:2    | Bought a potion of heal wounds for 70 gold pieces
 23097 | Orc:2    | Bought a potion of cancellation for 112 gold pieces
 23097 | Orc:2    | Bought a potion of attraction for 42 gold pieces
 23097 | Orc:2    | Bought a potion of attraction for 42 gold pieces
 23097 | Orc:2    | Bought a potion of curing for 42 gold pieces
 23097 | Orc:2    | Bought a potion of curing for 42 gold pieces
 23099 | Orc:2    | Bought 3 potions of lignification for 117 gold pieces
 23099 | Orc:2    | Bought a scroll of teleportation for 39 gold pieces
 23099 | Orc:2    | Bought a scroll of teleportation for 39 gold pieces
 23099 | Orc:2    | Bought a wand of acid (5) for 273 gold pieces
 23099 | Orc:2    | Bought a potion of curing for 39 gold pieces
 23102 | Orc:2    | Bought a scroll of summoning for 370 gold pieces
 23102 | Orc:2    | Bought a scroll of teleportation for 117 gold pieces
 23891 | D:13     | Noticed Rupert
 23896 | D:13     | Killed Rupert
 24044 | D:13     | Reached skill level 11 in Shapeshifting
 24616 | D:13     | Reached skill level 12 in Shapeshifting
 24948 | D:13     | Noticed a tengu reaver
 25251 | D:14     | Reached XP level 15. HP: 85/85 MP: 16/16
 25368 | D:14     | Reached skill level 13 in Shapeshifting
 25406 | D:14     | Found an ornate altar of the Wu Jian Council.
 26330 | D:14     | Reached skill level 14 in Shapeshifting
 26388 | D:15     | Entered Level 15 of the Dungeon
 26571 | D:15     | Noticed Azrael
 26581 | D:15     | Killed Azrael
 26728 | D:15     | Noticed Agnes
 26733 | D:15     | Found an iron altar of Okawaru.
 26893 | Orc:2    | Bought a wand of mindburst (5) for 273 gold pieces
 27344 | Lair:5   | Reached skill level 15 in Shapeshifting
 27375 | Lair:5   | Found a gateway to Hell.
 27687 | Swamp:1  | Entered Level 1 of the Swamp
 28418 | Swamp:1  | Reached XP level 16. HP: 89/89 MP: 17/17
 28580 | Swamp:2  | Reached skill level 16 in Shapeshifting
 28594 | Swamp:2  | Identified the ring of Discretion {rPois rC+ MP+9 Int+3}
 28691 | Swamp:2  | Found a runed translucent door.
 28695 | Swamp:2  | Noticed glosham's ghost (adept CoGl)
 28792 | Swamp:2  | Reached skill level 14 in Unarmed Combat
 28833 | Swamp:2  | Reached skill level 13 in Fighting
 28934 | Swamp:2  | Noticed a thorn hunter
 28935 | Swamp:2  | Killed a thorn hunter
 29395 | Swamp:2  | Killed glosham's ghost
 29603 | Swamp:3  | Noticed a thorn hunter
 29644 | Swamp:3  | Killed a thorn hunter
 29671 | Swamp:3  | Identified a scarf of resistance
 29782 | Swamp:3  | Noticed Mara
 29797 | Swamp:3  | Killed Mara
 29798 | Swamp:3  | Reached skill level 14 in Fighting
 29798 | Swamp:3  | Reached skill level 15 in Unarmed Combat
 29953 | Swamp:3  | Identified the +7 rapier "Lacertilianbane" {vamp, rC+ Int-5
                  | Dex+3}
 30050 | Swamp:4  | Entered Level 4 of the Swamp
 30184 | Spider:1 | Entered Level 1 of the Spider Nest
 30355 | Spider:1 | Noticed Frances
 30361 | Spider:1 | Killed Frances
 30525 | Spider:1 | Identified a scroll of acquirement
 30526 | Spider:1 | Acquired the ring "Oluadot" {+Blink rC+ rN+ Int+3 Dex-4}
 30552 | Spider:1 | Reached XP level 17. HP: 98/98 MP: 18/18
 30661 | Spider:1 | Reached skill level 9 in Evocations
 31697 | Spider:2 | Reached skill level 15 in Fighting
 32084 | Spider:2 | Noticed Arachne
 32097 | Spider:2 | Killed Arachne
 32486 | Spider:3 | Reached skill level 10 in Evocations
 32537 | Spider:3 | Reached skill level 16 in Unarmed Combat
 33290 | Spider:3 | Reached skill level 17 in Unarmed Combat
 33577 | Spider:4 | Entered Level 4 of the Spider Nest
 33874 | Elf:1    | Entered Level 1 of the Elven Halls
 34049 | Elf:1    | Reached skill level 18 in Unarmed Combat
 35297 | Elf:1    | Reached XP level 18. HP: 104/104 MP: 19/19
 35544 | Elf:2    | Reached skill level 19 in Unarmed Combat
 35600 | Elf:2    | Found a runed translucent gate.
 35600 | Elf:2    | Found a runed translucent gate.
 35604 | Elf:2    | Found a runed translucent gate.
 36226 | Elf:3    | Entered Level 3 of the Elven Halls
 36571 | Elf:3    | Reached skill level 20 in Unarmed Combat
 36732 | Elf:3    | Noticed Nikola
 36795 | Elf:3    | Killed Nikola
 36796 | Elf:3    | Reached skill level 18 in Dodging
 37056 | Elf:3    | Noticed an Ice Fiend
 37314 | Elf:3    | Noticed a Tzitzimitl
 37317 | Elf:3    | Noticed a Hell Sentinel
 37414 | Elf:3    | Identified the ring "Fuock" {Fly rPois rN+}
 37415 | Elf:3    | Identified the ring "Paret" {rElec rC+ Dex+3}
 37490 | Elf:3    | Identified the ring of Generosity {Fly Will+ Str+4 Stlth-}
 37493 | Elf:3    | Identified the +3 plate armour of the Stonemason {rF++
                  | Regen+}
 37554 | Elf:3    | Identified the ring of Hyipsaq {rPois Will+}
 37561 | Elf:3    | Identified the +5 spear "Moar" {holy, rC+++ Int+3 Stlth-}
 38261 | Spider:4 | Reached XP level 19. HP: 43/109 MP: 5/20
 38317 | Spider:4 | Reached skill level 19 in Dodging
 38341 | Spider:4 | HP: 15/195 [jumping spider (13)]
 38342 | Spider:4 | Slain by a broodmother
 38342 | Spider:4 | Lost a life (1 life remaining)
 38525 | Spider:4 | Reached skill level 16 in Fighting
 39584 | Spider:4 | Got a gossamer rune of Zot
 40310 | Swamp:4  | Acquired a storm talisman
 41500 | Swamp:4  | Got a decaying rune of Zot
 42006 | D:13     | Found a gate to the Vaults.
 42171 | D:13     | Found a gate to the Vaults.
 42710 | Vaults:1 | Entered Level 1 of the Vaults
 42880 | Vaults:1 | Found a crumbling gateway.
 42892 | Desolati | Entered the Desolation of Salt
 42970 | Desolati | Reached skill level 17 in Shapeshifting
 43264 | Desolati | Identified the +0 ring mail of the Leaf {Int+4}
 43266 | Desolati | Identified the +8 ring mail "Yblufoz" {rCorr Int+2 Slay+6
                  | Stlth+}
 43343 | Desolati | Identified the ring "Widaad" {EV+5 Str+3 SInv}
 43346 | Desolati | Identified the +0 chain mail of the Unseen Realm {Dex+3}
 43404 | Desolati | Reached skill level 18 in Shapeshifting
 43462 | Desolati | Reached XP level 20. HP: 114/115 MP: 19/21
 43462 | Desolati | Gained a life (2 lives remaining)
 43475 | Desolati | Identified the ring "Soesubyint" {rC+ rCorr Slay+6}
 43742 | Desolati | Identified the ring "Moesown" {Will+ Str+6 Int+2}
 44255 | Vaults:1 | You fall into a shaft and drop 1 floor!
 44424 | Vaults:1 | Noticed Norris
 44439 | Vaults:1 | Killed Norris
 44461 | Vaults:1 | Reached skill level 19 in Shapeshifting
 44534 | Vaults:1 | Found a shimmering blue altar of Sif Muna.
 45967 | Vaults:2 | Reached skill level 20 in Shapeshifting
 46795 | Vaults:3 | Noticed Donald
 46797 | Vaults:3 | Killed Donald
 47116 | Vaults:3 | Found Ytoynnie's Weapon Shoppe.
 47218 | Vaults:3 | Found a staircase to the Crypt.
 47352 | Vaults:3 | Reached XP level 21. HP: 119/119 MP: 22/22
 47631 | Vaults:3 | Reached skill level 21 in Shapeshifting
 48178 | Vaults:4 | Found a runed translucent gate.
 48178 | Vaults:4 | Found a runed translucent gate.
 48178 | Vaults:4 | Found a runed translucent gate.
 49064 | Vaults:4 | Found a glowing golden altar of the Shining One.
 49314 | D:15     | Killed Agnes
 49331 | D:15     | Noticed Jorgrun
 49341 | D:15     | Killed Jorgrun
 49508 | D:15     | Found a runed translucent gate.
 49508 | D:15     | Found a runed translucent gate.
 49509 | D:15     | Found a runed translucent gate.
 49512 | D:15     | Noticed Zelekoik's ghost (journeyman DrMo)
 49525 | D:15     | Identified the +2 hand axe "Juemontu" {flame, rF+++ Will+
                  | Dex-3}
 49742 | D:15     | Reached skill level 22 in Shapeshifting
 49803 | D:15     | Found a staircase to the Depths.
 49815 | D:15     | Identified the +1 great sword of the Wolf {flame, rPois
                  | Will+}
 50026 | D:15     | Killed Zelekoik's ghost
 50074 | D:15     | Identified the amulet "Qoleweex" {Regen+ MP+9 Int-4 Dex+4}
 50234 | Depths:1 | Entered Level 1 of the Depths
 50356 | Depths:1 | Found a one-way gate leading to the halls of Pandemonium.
 50548 | Depths:1 | You are sucked into a shaft and drop 1 floor!
 50631 | Depths:2 | Reached XP level 22. HP: 107/124 MP: 23/23
 50653 | Depths:2 | Reached skill level 23 in Shapeshifting
 50885 | Depths:2 | Reached skill level 21 in Unarmed Combat
 51044 | Depths:1 | Found a transporter.
 51145 | Depths:1 | Reached skill level 10 in Stealth
 51174 | Depths:1 | Noticed Xiaz's ghost (veteran KoBr)
 51260 | Depths:1 | Found a one-way gateway to a ziggurat.
 51354 | Depths:1 | Noticed a juggernaut
 51364 | Depths:1 | Found a bloodstained altar of Trog.
 51371 | Depths:1 | Found a transporter.
 51761 | Lair:1   | Killed anet's ghost
 51778 | Lair:1   | Identified the +7 battleaxe of Kainn {flame, rF+ rC+ Str+4}
 52070 | Depths:2 | Reached skill level 20 in Dodging
 52248 | Depths:2 | Identified the +9 morningstar "Vuyf" {flame, rC+ Int+4}
 52256 | Depths:2 | Reached skill level 11 in Stealth
 52289 | Depths:2 | Identified the +10 trident of Okawaru's Envy {flame, rF+
                  | rN++ Int-5}
 52453 | Depths:2 | Noticed the Enchantress
 52460 | Depths:2 | Killed the Enchantress
 52463 | Depths:2 | Reached skill level 17 in Fighting
 52697 | Depths:2 | Found a one-way gate to the infinite horrors of the Abyss.
 53044 | Depths:3 | Reached skill level 12 in Stealth
 53356 | Depths:3 | Noticed Xtahua
 53369 | Depths:3 | Killed Xtahua
 53570 | Depths:3 | Noticed a juggernaut
 53585 | Depths:3 | Killed a juggernaut
 53619 | Depths:3 | Reached skill level 21 in Dodging
 53636 | Depths:3 | Reached XP level 23. HP: 131/131 MP: 24/24
 53644 | Depths:3 | Reached skill level 13 in Stealth
 53860 | Depths:4 | Entered Level 4 of the Depths
 54081 | Depths:4 | Found Hyon's Vocational Training.
 54131 | Depths:4 | Bought a manual of Evocations for 1520 gold pieces
 54356 | Depths:4 | Found a gate to the Realm of Zot.
 54803 | Depths:4 | Reached skill level 14 in Stealth
 54811 | Depths:4 | Reached skill level 22 in Unarmed Combat
 55207 | Vaults:5 | Entered Level 5 of the Vaults
 55214 | Vaults:5 | Reached skill level 11 in Evocations
 55217 | Vaults:4 | HP: 12/133 [cloud of flame (3)]
 55292 | Vaults:5 | Reached skill level 18 in Fighting
 55333 | Vaults:5 | Identified the +0 mace of Change {heavy, rPois rN+ Str+2}
 55443 | Vaults:5 | Noticed Bai Suzhen
 55518 | Vaults:5 | Identified the +1 rapier "Impbane" {drain, rPois rN+ rCorr}
 55526 | Vaults:5 | Reached skill level 12 in Evocations
 55534 | Vaults:5 | Reached skill level 15 in Stealth
 55550 | Vaults:5 | Reached skill level 22 in Dodging
 55563 | Vaults:5 | Noticed a dread lich
 55571 | Vaults:5 | Killed a dread lich
 55804 | Vaults:5 | Reached skill level 13 in Evocations
 55810 | Vaults:5 | Identified the +7 hand axe of Wyrd {venom, rElec rPois
                  | rC+++ Dex-2}
 55836 | Vaults:5 | Reached XP level 24. HP: 80/139 MP: 24/24
 55970 | Vaults:5 | Killed Bai Suzhen
 56046 | Vaults:5 | Noticed a dread lich
 56096 | Vaults:5 | Killed a dread lich
 56179 | Vaults:5 | Reached skill level 14 in Evocations
 56316 | Vaults:5 | Identified the ring of Reimbursement {rPois rF+ Int+4 Dex+4
                  | SInv}
 56442 | Vaults:5 | Identified the +0 scale mail of Biaschij {Str+4}
 56465 | Vaults:5 | Identified the staff of the Neverending Wishes {Dex+2 Conj}
 56490 | Vaults:5 | Identified the amulet "Dero" {Acrobat rCorr Slay+3}
 56841 | Vaults:5 | Got a silver rune of Zot
 56891 | Vaults:5 | Upgraded the game from 0.32-a0-798-gfa783ce77f to
                  | 0.32-a0-814-g0968bab981
 57218 | Zot:1    | Entered Level 1 of the Realm of Zot
 57419 | Zot:2    | Reached skill level 19 in Fighting
 57458 | Zot:3    | Reached skill level 23 in Dodging
 57466 | Zot:3    | Noticed a curse toe
 57482 | Zot:3    | Reached skill level 15 in Evocations
 57599 | Zot:3    | Killed a curse toe
 57674 | Zot:3    | Noticed a curse toe
 57685 | Zot:3    | Killed a curse toe
 57766 | Zot:3    | Reached skill level 23 in Unarmed Combat
 57783 | Zot:3    | Noticed an orb of fire
 57793 | Zot:3    | Killed an orb of fire
 57844 | Zot:3    | Noticed an orb of fire
 57852 | Zot:3    | Gained mutation: You are partially covered in large bone
                  | plates. (SH +4) [an orb of fire]
 57861 | Zot:3    | Killed an orb of fire
 57921 | Zot:4    | Reached skill level 16 in Evocations
 57974 | Zot:5    | Entered Level 5 of the Realm of Zot
 58654 | Zot:5    | Reached skill level 17 in Evocations
 58655 | Zot:5    | Reached XP level 25. HP: 139/147 MP: 24/24
 58710 | Zot:5    | Noticed an orb of fire
 58717 | Zot:5    | Noticed a Killer Klown
 58719 | Zot:5    | Gained mutation: You are dopey. (Int -2) [an orb of fire]
 58721 | Zot:5    | Noticed an orb of fire
 58722 | Zot:5    | Killed an orb of fire
 58729 | Zot:5    | Noticed a Killer Klown
 58735 | Zot:5    | Gained mutation: You are frail. (-10% HP) [an orb of fire]
 58740 | Zot:5    | Killed an orb of fire
 58741 | Zot:5    | Reached skill level 24 in Dodging
 58741 | Zot:5    | Noticed a Killer Klown
 58747 | Zot:5    | Noticed a Killer Klown
 58758 | Zot:5    | Noticed an orb of fire
 58762 | Zot:5    | Killed a Killer Klown
 58768 | Zot:5    | Noticed an ancient lich
 58770 | Zot:5    | Killed a Killer Klown
 58775 | Zot:5    | Killed an orb of fire
 58787 | Zot:5    | Killed a Killer Klown
 58788 | Zot:5    | Killed an ancient lich
 58789 | Zot:5    | Reached skill level 20 in Fighting
 58803 | Zot:5    | Noticed an electric golem
 58812 | Zot:5    | Killed a Killer Klown
 58815 | Zot:5    | Reached skill level 18 in Evocations
 58821 | Zot:5    | Killed an electric golem
 58992 | Zot:5    | Noticed an electric golem
 59056 | Zot:5    | Got the Orb of Zot
 59448 | D:14     | Noticed Feruv the pandemonium lord
 59737 | D:$      | Escaped with the Orb!

Vanquished Creatures
  2 dread liches (Vaults:5)
  An ancient lich (Zot:5)
  5 orbs of fire
  Mara (Swamp:3)
  A juggernaut (Depths:3)
  Xtahua (Depths:3)
  4 Killer Klowns (Zot:5)
  Bai Suzhen (Vaults:5)
  2 curse toes (Zot:3)
  Norris (Vaults:1)
  Nikola (Elf:3)
  A profane servitor (D:15)
  2 golden dragons
  A bone dragon (Depths:4)
  the Enchantress (Depths:2)
  Arachne (Spider:2)
  A hellephant (D:15)
  An electric golem (Zot:5)
  Rupert (D:13)
  Jorgrun (D:15)
  10 tentacled monstrosities
  22 Orb Guardians (Zot:5)
  A deep elf blademaster (Elf:3)
  4 liches
  An Ice Fiend (Zot:5)
  2 titans (Vaults:5)
  A Hell Sentinel (D:12)
  2 deep elf master archers (Elf:3)
  A walking frostbound tome (Depths:2)
  9 sphinxes
  8 quicksilver dragons
  3 death cobs
  Agnes (D:15)
  11 tengu reavers
  5 storm dragons
  10 shadow dragons
  Donald (Vaults:3)
  2 thorn hunters
  A fenstrider witch (Swamp:2)
  An azure jelly (Swamp:4)
  11 fire giants
  3 draconian monks
  3 emperor scorpions
  The ghost of glosham the Stormcaller, an adept CoGl of Cheibriados (Swamp:2)
  2 protean progenitors (Zot:5)
  2 iron dragons (Depths:4)
  8 frost giants
  5 draconian knights
  8 deep elf sorcerers
  6 draconian shifters
  6 draconian scorchers
  18 vault wardens
  2 balrugs
  2 daevas
  5 ghost moths
  3 imperial myrmidons (Desolation)
  An angel (Vaults:4)
  5 draconian annihilators
  An orc warlord (Vaults:1)
  3 draconian stormcallers
  A reaper (Depths:1)
  4 broodmothers
  4 spriggan defenders
  2 deep elf elementalists (Elf:3)
  14 stone giants
  27 very ugly things
  4 ironbound thunderhulks
  A juggernaut skeleton (Depths:2)
  6 green draconians
  16 ironbound preservers
  6 deep elf death magi
  3 vampire knights
  6 dire elephants
  3 black draconians
  3 formless jellyfish
  8 red draconians
  4 deep elf annihilators
  6 deep elf demonologists
  A halazid warlock (Desolation)
  3 yellow draconians
  3 bunyips
  A lorocyproca (Depths:2)
  7 eleionomae
  10 white draconians
  13 spark wasps
  5 purple draconians
  Azrael (D:15)
  5 war gargoyles
  17 ettins
  2 green deaths
  A crystal guardian (Desolation)
  9 fire dragons
  7 deep elf high priests
  6 yaktaur captains
  8 entropy weavers
  11 ragged hierophants (Desolation)
  Erolcha (Orc:2)
  4 servants of whispers (Desolation)
  20 hydras
  An entropy weaver (shapeshifter) (Elf:1)
  6 great orbs of eyes
  A shambling mangrove (Swamp:3)
  36 vault guards
  12 peacekeepers
  5 jorogumos
  8 rakshasas
  12 ice dragons
  8 alligators
  A hell beast (D:3)
  13 spriggan air magi
  9 ironbound frosthearts
  A spectral frost giant (D:15)
  8 centaur warriors
  2 radroaches (Spider:3)
  3 ghost crabs
  The ghost of anet the Ducker, a journeyman DjHW of Hepliaklqana (Lair:1)
  11 tengu warriors
  A death yak (Lair:5)
  3 demonic crawlers
  A spectral fire giant (D:15)
  17 dancing weapons
  A hell hog (Depths:1)
  3 deep troll shamans
  5 two-headed ogres
  A sphinx skeleton (Depths:2)
  7 boulder beetles
  4 deep troll earth magi
  Nergalle (Orc:1)
  Sonja (D:12)
  4 occultists
  4 spriggan berserkers
  3 orc high priests
  A titan zombie (D:15)
  A shock serpent (shapeshifter) (Vaults:5)
  12 hell knights
  15 deep elf knights
  6 skeletal warriors
  A spark wasp zombie (D:15)
  10 sun demons
  4 skysharks
  A fire crab (shapeshifter) (Vaults:5)
  2 iron trolls
  A shadow wraith (Vaults:5)
  2 sixfirhies
  6 goliath frogs
  4 salamander mystics
  6 glowing orange brains
  5 pharaoh ants
  2 flayed ghosts
  9 orb spiders
  8 swamp dragons
  43 deep trolls
  11 arcanists
  15 ironbound convokers
  2 deep trolls (shapeshifter) (Elf:1)
  3 bog bodies
  3 sun moths
  9 necromancers
  Pikel (D:7)
  An orange crystal statue (D:8)
  A sun moth (shapeshifter) (D:14)
  An obsidian statue (Zot:5)
  5 spriggan druids
  A mana viper (shapeshifter) (Depths:3)
  15 deep elf archers
  7 lindwurms
  19 deep elf zephyrmancers
  6 steelbarb worms
  9 harpies
  6 orc knights
  6 phantasmal warriors
  2 thermic dynamos (Elf:3)
  19 deep elf pyromancers
  A frost giant zombie (Depths:2)
  4 cyclopes
  An orc sorcerer (Orc:2)
  16 wolf spiders
  3 will-o-the-wisps
  A fire giant zombie (D:15)
  2 wolf spider zombies (D:14)
  6 salamanders
  A shining eye (Depths:1)
  53 ugly things
  A meliai (shapeshifter) (D:15)
  3 guardian serpents (Desolation)
  6 meliai
  An elephant (shapeshifter) (Depths:1)
  13 elephants
  4 kobold blastminers
  5 centaur zombies (D:14)
  9 black mambas
  2 eyes of devastation (Depths:1)
  4 torpor snails
  17 moths of wrath
  4 gargoyles
  An ice statue (IceCv)
  19 vault sentinels
  4 molten gargoyles (Desolation)
  A titan simulacrum (D:15)
  18 cane toads
  An unseen horror (D:11)
  Jeremiah (D:9)
  4 orange demons (D:12)
  A yaktaur zombie (Vaults:1)
  A spriggan zombie (D:15)
  30 yaktaurs
  6 rime drakes
  A redback zombie (D:14)
  2 efreet
  6 komodo dragons
  An anaconda simulacrum (IceCv)
  3 ice devils
  7 freezing wraiths
  5 tengu conjurers
  6 kobold demonologists (D:13)
  A golden dragon simulacrum (D:15)
  7 red devils
  5 trolls
  2 bloated husks
  4 polar bears
  8 blink frogs
  19 tarantellas
  A hellwing (Lair:5)
  A human skeleton (Vaults:2)
  62 saltlings (Desolation)
  15 hornets
  7 tyrant leeches
  2 glass eyes (Depths:2)
  A dream sheep (Lair:5)
  A human simulacrum (Vaults:2)
  Grinder (D:6)
  An ettin zombie (D:15)
  3 culicivoras (shapeshifter)
  2 meliai zombies (D:14)
  A shadow (D:14)
  44 slime creatures
  23 culicivoras
  2 air elementals
  28 yaks
  A stone giant simulacrum (Vaults:2)
  32 jumping spiders
  3 wraiths
  2 dire elephant simulacra (IceCv)
  14 spriggans
  7 vampires
  A ynoxinul (Depths:2)
  4 water elementals
  2 steam dragons (D:8)
  4 wyverns
  A yak (shapeshifter) (Elf:1)
  53 redbacks
  5 basilisks
  22 fire elementals
  3 vampire mosquitoes (Swamp:3)
  6 humans (D:13)
  A warg (shapeshifter) (Elf:3)
  2 wargs
  5 swamp worm simulacra (Swamp:4)
  A death yak simulacrum (IceCv)
  Menkaure (D:6)
  18 swamp worms
  2 acid dragons
  11 water moccasins
  8 hell hounds
  16 hydra simulacra
  An ice beast (D:5)
  6 swamp drakes
  An ettin simulacrum (Vaults:1)
  35 orc warriors
  2 sky beasts
  8 black bears
  A hornet zombie (D:14)
  20 centaurs
  12 wolves
  4 ogres
  4 phantoms
  Blork the orc (D:6)
  4 kobold brigands
  4 gnoll sergeants
  A brain worm (Sewer)
  An earth elemental (Elf:1)
  A glowing shapeshifter simulacrum (Vaults:1)
  12 bullfrogs
  2 cane toad simulacra (IceCv)
  4 two-headed ogre simulacra (IceCv)
  6 scorpions
  7 wights
  6 killer bees (D:7)
  2 electric eels (Lair:3)
  14 howler monkeys
  2 bombardier beetles
  5 jellies
  A hound (D:5)
  5 human zombies
  8 orc priests
  2 iguanas
  2 sleepcaps
  17 orc wizards
  Ijyb (D:4)
  6 scorpion zombies (Ossuary)
  9 spriggan simulacra
  3 polar bear simulacra (IceCv)
  3 troll simulacra (IceCv)
  A wolf simulacrum (IceCv)
  3 mummies (Ossuary)
  6 gnolls
  5 naga simulacra (IceCv)
  2 river rats
  5 adders
  A shadow imp (D:7)
  10 white imps
  5 ufetubi (IceCv)
  3 swamp drake simulacra (Swamp:4)
  An adder zombie (Ossuary)
  6 dart slugs
  A ribbon worm (D:3)
  66 orcs
  12 bats
  8 endoplasms
  5 giant cockroaches
  6 goblins
  5 hobgoblins
  9 jackals
  5 quokkas
  6 ball pythons
  3 ball python zombies (Ossuary)
  5 frilled lizards
  2 gnoll zombies (Ossuary)
  A jackal zombie (Ossuary)
  10 kobolds
  2 orc zombies (Ossuary)
  9 rats
  An aspiring flesh (Zot:5)
2117 creatures vanquished.

Vanquished Creatures (collateral kills)
  Frances (Spider:1)
  A draconian scorcher (Zot:5)
  A green draconian (Zot:5)
  A deep elf death mage (Elf:1)
  A purple draconian (Zot:5)
  A yellow draconian (Zot:5)
  A black draconian (Zot:5)
  A peacekeeper (Desolation)
  A dancing weapon (Elf:1)
  A deep elf knight (Elf:1)
  A pharaoh ant (Spider:4)
  An orb spider (Spider:1)
  4 deep elf pyromancers (Elf:1)
  3 deep elf zephyrmancers (Elf:1)
  2 jumping spiders
  4 redbacks
  A gnoll sergeant (D:7)
  An orc (D:7)
27 creatures vanquished.

Vanquished Creatures (others)
  A golden dragon (Zot:3)
  A broodmother (Spider:4)
  The ghost of Zelekoik the Brawler, a journeyman DrMo of Yredelemnul (D:15)
  A purple draconian (Zot:5)
  2 red draconians (Zot:3)
  A hydra (Swamp:4)
  A vampire mage (Depths:4)
  A pharaoh ant (Spider:4)
  A deep elf pyromancer (Elf:1)
  A bloated husk (Swamp:3)
  A spriggan (Swamp:2)
  A human (D:13)
  A vampire mosquito (Swamp:3)
  A redback (Spider:4)
  17 foxfires
32 creatures vanquished.

Grand Total: 2176 creatures vanquished

Table legend: (Time is in decaauts)
 A = Elapsed time spent in this place.
 B = Non-inter-level travel time spent in this place.
 C = Inter-level travel time spent in this place.
 D = Time resting spent in this place.
 E = Time spent auto-exploring this place.
 F = Levels seen in this place.
 G = Mean time per level.
                   A        B        C        D        E       F      G
               +--------+--------+--------+--------+--------+-----+--------+
         Total |  68282 |  58015 |  10267 |   6109 |  34028 |  51 | 1338.9 |
       Dungeon |  21456 |  16635 |   4821 |   1497 |  10277 |  15 | 1430.4 |
          Lair |   6187 |   5000 |   1187 |    418 |   2910 |   5 | 1237.4 |
         Swamp |   5473 |   4815 |    658 |    526 |   2831 |   4 | 1368.2 |
   Spider Nest |   7430 |   6639 |    791 |    661 |   4365 |   4 | 1857.5 |
  Orcish Mines |   2581 |   2022 |    559 |    258 |    877 |   2 | 1290.5 |
   Elven Halls |   5010 |   4450 |    560 |    659 |   2567 |   3 | 1670.0 |
        Vaults |   9646 |   8792 |    854 |    870 |   5767 |   5 | 1929.2 |
        Depths |   4333 |   3682 |    651 |    271 |   2283 |   4 | 1083.2 |
           Zot |   1884 |   1702 |    182 |    308 |    471 |   5 |  376.8 |
         Sewer |   1094 |   1094 |      0 |    100 |    646 |   1 | 1094.0 |
       Ossuary |   1059 |   1059 |      0 |    259 |    243 |   1 | 1059.0 |
      Ice Cave |    763 |    763 |      0 |     72 |    268 |   1 |  763.0 |
    Desolation |   1361 |   1361 |      0 |    205 |    519 |   1 | 1361.0 |
               +--------+--------+--------+--------+--------+-----+--------+

Top non-repeatable levels by time:
    D:13: 3323 daAuts
Vaults:2: 2430 daAuts
Spider:1: 2307 daAuts
    D:15: 2214 daAuts
    D:10: 2214 daAuts
   Elf:3: 2043 daAuts
Vaults:4: 1928 daAuts
Vaults:1: 1907 daAuts
Spider:3: 1891 daAuts
Spider:4: 1873 daAuts
Vaults:3: 1840 daAuts
  Lair:5: 1702 daAuts
    D:11: 1623 daAuts
Vaults:5: 1539 daAuts
     D:4: 1539 daAuts

Table legend:
 A = Non-vault XP
 B = Vault XP
 C = Vault XP percentage of total XP
 D = Non-vault monster count
 E = Vault monster count
 F = Vault count percentage of total count
                 A         B        C        D         E       F
            +---------+---------+-------+---------+---------+-------
      Total |  613357 |  615723 |  50.1 |    1195 |     944 |  44.1
            +---------+---------+-------+---------+---------+-------
        D:1 |      82 |       0 |   0.0 |      35 |       0 |   0.0
        D:2 |      32 |       0 |   0.0 |      12 |       0 |   0.0
        D:3 |     171 |       4 |   2.3 |       9 |       1 |  10.0
        D:4 |     237 |     288 |  54.9 |      23 |       3 |  11.5
        D:5 |     446 |      19 |   4.1 |      11 |       5 |  31.2
        D:6 |     840 |     630 |  42.9 |      10 |       5 |  33.3
        D:7 |     890 |    1200 |  57.4 |      19 |       8 |  29.6
        D:8 |    2632 |     670 |  20.3 |      20 |       1 |   4.8
        D:9 |    1097 |     498 |  31.2 |      10 |       3 |  23.1
       D:10 |    2148 |    1082 |  33.5 |      12 |      17 |  58.6
       D:11 |    2215 |    1516 |  40.6 |      12 |       6 |  33.3
       D:12 |    4435 |    3719 |  45.6 |      16 |       9 |  36.0
       D:13 |   10742 |   18231 |  62.9 |      37 |      32 |  46.4
       D:14 |   12549 |    8639 |  40.8 |      26 |      18 |  40.9
       D:15 |    9097 |   23382 |  72.0 |      18 |      36 |  66.7
     Lair:1 |    6838 |    3450 |  33.5 |      22 |       9 |  29.0
     Lair:2 |    2878 |       0 |   0.0 |      13 |       0 |   0.0
     Lair:3 |    3211 |    1222 |  27.6 |      18 |       4 |  18.2
     Lair:4 |    5602 |       0 |   0.0 |      19 |       0 |   0.0
     Lair:5 |   13809 |   10201 |  42.5 |      36 |      26 |  41.9
    Swamp:1 |    6474 |    6662 |  50.7 |      14 |      10 |  41.7
    Swamp:2 |   11282 |   16543 |  59.5 |      25 |      22 |  46.8
    Swamp:3 |   11329 |    4160 |  26.9 |      23 |       1 |   4.2
    Swamp:4 |    9764 |    8367 |  46.1 |      16 |      30 |  65.2
   Spider:1 |   24170 |    3027 |  11.1 |      66 |       9 |  12.0
   Spider:2 |    9279 |    2038 |  18.0 |      18 |       1 |   5.3
   Spider:3 |   21577 |       0 |   0.0 |      44 |       0 |   0.0
   Spider:4 |   16401 |   22151 |  57.5 |      38 |      44 |  53.7
      Orc:1 |    2301 |     925 |  28.7 |      14 |       2 |  12.5
      Orc:2 |    1969 |    6137 |  75.7 |      27 |      35 |  56.5
      Elf:1 |   25351 |    4469 |  15.0 |      42 |       8 |  16.0
      Elf:2 |   17863 |    2487 |  12.2 |      34 |       3 |   8.1
      Elf:3 |   15311 |   38623 |  71.6 |      31 |      38 |  55.1
   Vaults:1 |   27746 |   21882 |  44.1 |      41 |      33 |  44.6
   Vaults:2 |   33496 |    5816 |  14.8 |      51 |       9 |  15.0
   Vaults:3 |   21099 |   21353 |  50.3 |      34 |      29 |  46.0
   Vaults:4 |   14670 |   20952 |  58.8 |      18 |      30 |  62.5
   Vaults:5 |   21566 |  112896 |  84.0 |      28 |     101 |  78.3
   Depths:1 |   30704 |   10801 |  26.0 |      41 |      15 |  26.8
   Depths:2 |   52799 |   38443 |  42.1 |      62 |      39 |  38.6
   Depths:3 |   20128 |   31510 |  61.0 |      21 |      24 |  53.3
   Depths:4 |   32191 |   16176 |  33.4 |      38 |      13 |  25.5
      Zot:2 |   13036 |    2505 |  16.1 |      11 |       2 |  15.4
      Zot:3 |   28002 |   17352 |  38.3 |      21 |      26 |  55.3
      Zot:4 |    4735 |       0 |   0.0 |       5 |       0 |   0.0
      Zot:5 |   60163 |   68549 |  53.3 |      54 |      31 |  36.5
      Sewer |       0 |     174 | 100.0 |       0 |      24 | 100.0
    Ossuary |       0 |     867 | 100.0 |       0 |      27 | 100.0
      IceCv |       0 |    5107 | 100.0 |       0 |      51 | 100.0
 Desolation |       0 |   51000 | 100.0 |       0 |     104 | 100.0
            +---------+---------+-------+---------+---------+-------
